 Seeded DCSS version 0.30-a0-900-g23479c02f2 (webtiles) character file.

Game seed: 7547814903460644772 (custom seed)

692 hikkokomori the Nimble (level 7, -2/62 HPs)
             Began as a Merfolk Gladiator on Mar 18, 2023.
             Slain by Duvessa
             ... wielding a +0 rapier of venom
              (9 damage)
             ... on level 4 of the Dungeon.
             The game lasted 00:05:54 (3159 turns).

hikkokomori the Nimble (Merfolk Gladiator)          Turns: 3159, Time: 00:05:55

Health: -2/62      AC:  4    Str: 14    XL:     7   Next: 63%
Magic:  7/7        EV: 17    Int:  8    God:
Gold:   248        SH:  0    Dex: 17    Spells: 6/6 levels left

rFire   . . .      SeeInvis .    a - +0 long sword
rCold   . . .      Faith    .    (no shield)
rNeg    . . .      Spirit   .    b - +0 leather armour
rPois   .          Reflect  .    c - +0 helmet
rElec   .          Rampage  .    (no cloak)
rCorr   .                        (no gloves)
Will    .....                    (no boots)
Stlth   ++++                     (no amulet)
HPRegen 0.30/turn                (no ring)
MPRegen 0.10/turn                (no ring)

@: lethally poisoned (-2 -> -18), hasted, very quick
A: (nimble swimmer 2), mertail
a: no special abilities


You were on level 4 of the Dungeon.
You visited 1 branch of the dungeon, and saw 4 of its levels.
You also visited: Sewer.

You collected 248 gold pieces.

Inventory:

Hand Weapons
 a - a +0 long sword (weapon)
Missiles
 d - 2 throwing nets (quivered)
Armour
 b - a +0 leather armour (worn)
 c - a +0 helmet (worn)
 w - a +0 buckler
Jewellery
 t - a ring of fire
 x - a +6 ring of dexterity
Scrolls
 f - a scroll of magic mapping
 g - 2 scrolls of teleportation
 k - 3 scrolls of identify
 l - a scroll of enchant weapon {unknown}
 o - a scroll of vulnerability
 p - a scroll of immolation {unknown}
 q - a scroll of poison
 v - a scroll of noise {unknown}
Potions
 h - a potion of might
 i - a potion of cancellation {unknown}
 j - a potion of haste
 m - a potion of degeneration {unknown}
 n - a potion of brilliance
 r - a potion of berserk rage {unknown}
 u - a potion of curing {unknown}


   Skills:
 - Level 8.0 Fighting
 + Level 9.2 Long Blades
 - Level 2.0 Throwing
 - Level 2.8 Armour
 - Level 10.1 Dodging
 + Level 8.3 Stealth
 + Level 0.0 Spellcasting


You had 6 spell levels left.
You didn't know any spells.
Your spell library contained the following spells:

 Spells                   Type           Power      Damage    Failure   Level
 Lesser Beckoning         Tloc           0%         N/A       63%         2
 Gell's Gravitas          Tloc           0%         N/A       85%         3
 Teleport Other           Tloc           0%         N/A       85%         3


Dungeon Overview and Level Annotations

Branches:
Dungeon (4/15)              Sewer (visited)
 Temple: D:4-7

Altars:
Ashenzari
Nemelex Xobeh
Wu Jian

Annotations:
D:4 Dowan, Duvessa, Robin


Innate Abilities, Weirdness & Mutations

((You are very nimble when in or above water. (Stealth+, EV+, Speed+++)))
Your lower body shifts to a powerful aquatic tail in water.


Message History

Dowan blinks!
You completely miss the hobgoblin. The hobgoblin closely misses you.
You hit the hobgoblin.
You kill the hobgoblin!
You hit Duvessa but do no damage.
Duvessa is lightly wounded.
Duvessa closely misses you. Robin throws the goblin at you!
The goblin hits you but does no damage.
Duvessa hits you with a +0 rapier of venom!
You barely miss Duvessa.
Duvessa is lightly wounded.
Duvessa hits you with a +0 rapier of venom!
You are poisoned.
The goblin hits you but does no damage.
You slash Duvessa!
Duvessa is moderately wounded.
You feel very sick. Duvessa barely misses you. The goblin barely misses you.
Duvessa completely misses you.
Unknown command.
You slash the goblin!
You kill the goblin!
You feel very sick.
Duvessa hits you with a +0 rapier of venom.
Duvessa attacks as you move away!
Duvessa hits you with a +0 rapier of venom.
You are more poisoned.
You feel very sick.
Duvessa hits you with a +0 rapier of venom!
* * * LOW HITPOINT WARNING * * *
You are lethally poisoned!
Things that are here:
a +0 dagger; a goblin corpse Duvessa attacks as you move away!
Duvessa misses you.
* * * LOW HITPOINT WARNING * * *
You feel very sick.
You feel yourself speed up.
* * * LOW HITPOINT WARNING * * *
You feel very sick.
Duvessa hits you with a +0 rapier of venom!
You die...

#####...†..)....##.#
#........#..##..#...
#.###.#..#..........
*,* #...)#.###.##...
*,*##...(>.# #.###.#
*,*#.......# #.....#
#,*##.....## #####.#
#.###....## ##'#
#..@e....# ##...
#####g#### ##....
#)#*,** *#.....
****#)#,,,***#......
*,,,...,,,,,,+......
*,*##)#g,,***#......
*,**.(...** ##.....
*,**.#.,## ##....
*,**.,.,* ##...


You could see Duvessa (fast) and a hobgoblin (strong).

Vanquished Creatures
  Edmund (D:4)
  Pargi (Sewer)
  An ogre (D:4)
  A scorpion (D:4)
  Jessica (D:2)
  2 orc wizards (D:3)
  5 adders
  4 gnolls (D:4)
  A worm (D:2)
  3 orcs
  5 ball pythons
  4 bats
  5 endoplasms
  8 giant cockroaches
  10 hobgoblins
  7 jackals
  3 quokkas
  4 frilled lizards
  16 goblins
  8 kobolds
  5 rats
95 creatures vanquished.

Notes
Turn   | Place    | Note
-------+----------+-------------------------------------------
     0 | D:1      | hikkokomori the Merfolk Gladiator began the quest for the
                  | Orb.
     0 | D:1      | Reached XP level 1. HP: 16/16 MP: 1/1
   126 | D:1      | Reached XP level 2. HP: 14/23 MP: 2/2
   149 | D:1      | Reached skill level 1 in Stealth
   245 | D:1      | Found a faded altar of an unknown god.
   538 | D:2      | Reached XP level 3. HP: 20/28 MP: 3/3
   587 | D:2      | Reached skill level 8 in Dodging
   587 | D:2      | Reached XP level 4. HP: 41/41 MP: 4/4
   588 | D:2      | Reached skill level 9 in Dodging
   588 | D:2      | Reached XP level 5. HP: 49/49 MP: 5/5
  1032 | D:2      | Noticed Jessica
  1039 | D:2      | Killed Jessica
  1664 | D:3      | Found an ornate altar of the Wu Jian Council.
  1790 | D:3      | HP: 2/49 [something (4)]
  1791 | D:3      | Reached XP level 6. HP: 2/56 MP: 6/6
  2029 | D:3      | Found a broken altar of Ashenzari.
  2282 | D:4      | Found a glowing drain.
  2286 | Sewer    | Entered a sewer
  2303 | Sewer    | Noticed Pargi
  2313 | Sewer    | Killed Pargi
  2606 | D:4      | Found a sparkling altar of Nemelex Xobeh.
  2822 | D:4      | Noticed Edmund
  2852 | D:4      | Killed Edmund
  2853 | D:4      | Reached skill level 10 in Dodging
  2853 | D:4      | Reached XP level 7. HP: 62/62 MP: 7/7
  2881 | D:4      | HP: 3/62 [scorpion (4)]
  3137 | D:4      | Noticed Duvessa
  3138 | D:4      | Noticed Robin
  3142 | D:4      | Noticed Dowan
  3159 | D:4      | Slain by Duvessa

Illustrated notes

Levels and vault maps discovered:
D:1:      lordsloth_arrival_two_stooges, layout_basic,
          chequers_ecumenical_altar_simple
D:2:      layout_loops_ring, uniq_jessica
D:3:      layout_rooms, ashenzari_conservatory_becter,
          pdpol_wu_jian_five_deadly_venoms, kennysheep_generic_room_14
D:4:      layout_loops_corners, grunt_temple_overflow_order_and_chaos_2,
          kennysheep_mini_moat, nemelex_xobeh_ov_fountains_minmay,
          gup_sewer_entry_spiral, uniq_robin, uniq_edmund, uniq_duvessa

Skill      XL: |  1  2  3  4  5  6 |
---------------+-------------------+-----
Stealth        | 1 6 8 |  8.3
Long Blades    | 4 7 9 |  9.2
Fighting       | 6 7 8 |  8.0
Dodging        | 8 9 10 | 10.1
Armour         | 2 |  2.8
Throwing       | |  2.0

Action                     |  1- 3 |  4- 6 |  7- 9 || total
---------------------------+-------+-------+-------++-------
  Melee: Long sword        |    53 |   165 |    45 ||   263
         Punch             |     1 |     3 |       ||     4
         Tailslap          |       |     1 |       ||     1
  Throw: Throwing net      |       |     2 |       ||     2
         Javelin           |       |       |     1 ||     1
    Use: Potion            |     1 |     2 |     3 ||     6
         Scroll            |       |     5 |       ||     5
   Stab: Sleeping          |       |    19 |       ||    19
         Held in net/web   |       |     1 |       ||     1
 Armour: Leather armour    |    19 |    30 |     9 ||    58
  Dodge: Dodged            |    36 |   105 |    23 ||   164

Table legend: (Time is in decaauts)
 A = Elapsed time spent in this place.
 B = Non-inter-level travel time spent in this place.
 C = Inter-level travel time spent in this place.
 D = Time resting spent in this place.
 E = Time spent auto-exploring this place.
 F = Levels seen in this place.
 G = Mean time per level.
                   A        B        C        D        E       F      G
               +--------+--------+--------+--------+--------+-----+--------+
         Total |   3116 |   3037 |     79 |    176 |   2132 |   5 |  623.2 |
       Dungeon |   2967 |   2888 |     79 |    176 |   2017 |   4 |  741.8 |
         Sewer |    148 |    148 |      0 |      0 |    114 |   1 |  148.0 |
               +--------+--------+--------+--------+--------+-----+--------+

Top non-repeatable levels by time:
     D:2: 882 daAuts
     D:3: 788 daAuts
     D:4: 779 daAuts
     D:1: 517 daAuts
   Sewer: 148 daAuts
